 Dungeon Crawl Stone Soup version 0.23-a0-512-g50a8178 (webtiles) character file.

7956 Gruud the Reanimator (level 11, -10/68 HPs)
             Began as a Demonspawn Necromancer on Dec 4, 2018.
             Was a High Priest of Okawaru.
             Mangled by a cyan ugly thing (14 damage)
             ... on level 11 of the Dungeon.
             The game lasted 00:57:49 (8769 turns).

Gruud the Reanimator (Demonspawn Necromancer)       Turns: 8769, Time: 00:57:51

Health: -10/68     AC: 15    Str: 13    XL:     11   Next: 3%
Magic:  0/17       EV: 13    Int: 16    God:    Okawaru [*****.]
Gold:   466        SH:  0    Dex: 13    Spells: 2/14 levels left

rFire    + . .     SeeInvis +   a - +1 trident (flame)
rCold    . . .     Gourm    .   (no shield)
rNeg     . . .     Faith    .   y - +4 scale mail of the Moon {rPois Slay+4}
rPois    +         Spirit   .   (helmet restricted)
rElec    .         Reflect  .   z - +2 cloak {+Inv}
rCorr    .         Harm     .   d - +0 pair of gloves
MR       .....                  (no boots)
Stlth    ..........             (no amulet)
HPRegen  0.21/turn              w - ring of see invisible
MPRegen  0.15/turn              (no ring)

@: very slightly contaminated
A: horns 1, repulsion field 1, demonic guardian 1, fire resistance 1, flame
cloud immunity
a: Heroism, Finesse, Renounce Religion, Evoke Invisibility


You were on level 11 of the Dungeon.
You worshipped Okawaru.
Okawaru was extremely pleased with you.
You were hungry.

You visited 2 branches of the dungeon, and saw 12 of its levels.

You collected 466 gold pieces.

Inventory:

Hand Weapons
 a - a +1 trident of flaming (weapon)
 b - a +0 blowgun
 t - a +2 dagger of freezing
 K - the +1 rapier of Karma {pierce, rElec rC+}
   (You found it on level 8 of the Dungeon)

   It inflicts extra damage upon your enemies.
   It protects you from cold.
   It insulates you from electricity.
 O - a +0 glaive of venom
Missiles
 g - 49 poisoned needles
 h - 7 javelins (quivered)
 j - 8 needles of confusion
 m - a throwing net
 A - 5 steel tomahawks
 Q - 2 javelins of returning
Armour
 d - a +0 pair of gloves (worn)
 y - the +4 scale mail of the Moon (worn) {rPois Slay+4}
   (You found it on level 7 of the Dungeon)

   It affects your accuracy and damage with ranged weapons and melee attacks
   (+4).
   It protects you from poison.
 z - a +2 cloak of invisibility (worn)
 B - a +3 ring mail of cold resistance
Jewellery
 w - a ring of see invisible (left hand)
 H - an uncursed amulet of the acrobat {unknown}
Wands
 q - a wand of polymorph (9)
 x - a wand of flame (24)
 J - a wand of acid (9)
 L - a wand of iceblast (3)
Scrolls
 e - a scroll of silence
 f - 3 scrolls of remove curse
 l - a scroll of fear
 n - 5 scrolls of enchant armour
 o - 4 scrolls of magic mapping
 p - 2 scrolls of amnesia
 s - 2 scrolls of immolation {unknown}
 u - 4 scrolls of teleportation
 v - a scroll of enchant weapon {unknown}
 D - a scroll of blinking
 P - a scroll of vulnerability {unknown}
Potions
 i - 2 potions of might
 k - 3 potions of invisibility
 r - 2 potions of magic
 C - 2 potions of heal wounds
 E - 2 potions of agility
 F - 6 potions of curing
 G - 5 potions of brilliance
 I - 2 potions of haste
 M - a potion of cancellation
 R - 2 potions of flight
Comestibles
 c - 21 rations
 N - 22 chunks of flesh


   Skills:
 * Level 7.2 Polearms
 - Level 5.1 Throwing
 + Level 4.5 Armour
 + Level 5.0 Dodging
 - Level 1.7 Stealth
 - Level 2.0 Spellcasting
 - Level 3.0 Charms
 - Level 8.0 Necromancy
 + Level 6.5 Invocations
 - Level 8.0 Evocations


You had 2 spell levels left.
You knew the following spells:

 Your Spells              Type           Power        Failure   Level  Hunger
a - Pain                  Necr           ####         3%          1    #......
b - Animate Skeleton      Necr           N/A          3%          1    #......
c - Vampiric Draining     Necr           ####......   10%         3    ###....
d - Regeneration          Chrm/Necr      ###.......   26%         3    ###....
e - Animate Dead          Necr           N/A          32%         4    #####..

Your spell library contained the following spells:

 Spells                   Type           Power        Failure   Level  Hunger
 Apportation              Tloc           #.....       65%         1    #......
 Beastly Appendage        Tmut           #.....       65%         1    #......
 Confusing Touch          Hex            #.....       65%         1    #......
 Summon Small Mammal      Summ           #...         65%         1    #......
 Sticks to Snakes         Tmut           #.......     78%         2    ###....
 Spider Form              Tmut/Pois      #.........   95%         3    ###....
 Ice Form                 Ice/Tmut       #.......     100%        4    #####..
 Blade Hands              Tmut           #.........   100%        5    ######.


Dungeon Overview and Level Annotations

Branches:
Dungeon (11/15)            Temple (1/1) D:6            Lair (0/6) D:10
    Orc (0/2) D:9

Altars:
Ashenzari
Cheibriados
Dithmenos
Elyvilon
Fedhas
Gozag
Hepliaklqana
Kikubaaqudgha
Makhleb
Nemelex Xobeh
Okawaru
Qazlal
Ru
Sif Muna
Trog
Uskayaw
Vehumet
Wu Jian
Xom
Yredelemnul
Zin
The Shining One

Annotations:
D:3 Ijyb
D:10 exclusion: orange crystal statue


Innate Abilities, Weirdness & Mutations

You have a pair of small horns on your head.
You are surrounded by a mild repulsion field. (EV +2)
A weak demonic guardian rushes to your aid.
Your flesh is heat resistant. (rF+)
You are immune to clouds of flame.


Message History

Okawaru accepts your kill.
Your Dodging skill increases to level 5!
The hungry ghost hits your yak skeleton.
The cyan ugly thing stings you.
* * * LOW HITPOINT WARNING * * *
The cyan ugly thing shocks you!
* * * LOW HITPOINT WARNING * * *
Unknown command.
Unknown command.
Evoke which item? (* to show all) (? for menu, Esc to quit)
Aiming: Corrosive Bolt
Press: ? - help, Shift-Dir - straight line The bolt of acid misses the cyan ugly thing.
Your demonic guardian avoids your attack.
Your yak skeleton gores the hungry ghost.
The hungry ghost hits your yak skeleton.
The cyan ugly thing stings you.
* * * LOW HITPOINT WARNING * * *
The cyan ugly thing shocks you!
You die...

###........
.......####..#.....<..
.......#.....#.........
......+.....#.....>...
.....+.....#.........
#...#.....#.........
#...#.....#.........
#...#'#####.........
#.......@u5.ZW....$. .
#..#########'#####. ..
#).# .....u......# #.#
#Z.+ ............# #.#
#).# ............#
#.#####..# ............#
#........# ....G.......#
#........############+##
#.............


You could see a cyan ugly thing, a hungry ghost, a friendly iron imp and a
friendly yak skeleton.

Vanquished Creatures
  A two-headed ogre (D:8)
  Psyche (D:8)
  A hornet (D:8)
  A human (D:7)
  4 yaks (D:11)
  4 hogs (D:7)
  2 wargs (D:10)
  A water moccasin (D:8)
  An ice beast (D:8)
  4 orc warriors
  2 phantoms
  A sky beast (D:6)
  An eye of draining (D:11)
  5 ogres
  3 wolves (D:10)
  4 centaurs
  3 big kobolds
  A bullfrog (D:8)
  A wyvern zombie (D:9)
  3 scorpions
  4 killer bees (D:10)
  3 howler monkeys (D:8)
  4 crimson imps
  2 centaur zombies
  2 hounds
  A centaur skeleton (D:9)
  A gnoll shaman (D:5)
  7 orc priests
  Crazy Yiuf (D:2)
  3 jellies
  12 orc wizards
  A bullfrog skeleton (D:7)
  2 iguanas
  Terence (D:3)
  5 worker ants
  12 gnolls
  14 adders
  A shadow imp (D:9)
  2 oozes
  An adder zombie (D:7)
  2 dart slugs
  3 leopard geckos
  21 orcs
  2 ball pythons
  2 giant cockroaches
  6 goblins
  5 hobgoblins
  11 jackals
  2 quokkas
  5 bats
  5 frilled lizards
  A jackal skeleton (D:9)
  11 kobolds
  A leopard gecko zombie (D:9)
  5 rats
205 creatures vanquished.

Vanquished Creatures (collateral kills)
  Erica (D:9)
  Grum (D:10)
  A yak (D:11)
  2 hungry ghosts (D:8)
  An orc warrior (D:8)
  A phantom (D:8)
  An ogre (D:5)
  A crocodile (D:8)
  A howler monkey (D:8)
  2 crimson imps (D:7)
  3 hounds
  A bullfrog skeleton (D:7)
  4 worker ants
  An adder (D:5)
  A gnoll (D:8)
  2 orcs
  5 kobolds (D:7)
  A jackal skeleton (D:4)
30 creatures vanquished.

Vanquished Creatures (others)
  A wizard (D:7)
  A sky beast (D:7)
  Blork the orc (D:5)
3 creatures vanquished.

Grand Total: 238 creatures vanquished

Notes
Turn   | Place    | Note
-------+----------+-------------------------------------------
     0 | D:1      | Gruud the Demonspawn Necromancer began the quest for the
                  | Orb.
     0 | D:1      | Reached XP level 1. HP: 13/13 MP: 3/3
     2 | D:1      | Learned a level 1 spell: Animate Skeleton
   370 | D:1      | Gained mutation: You are surrounded by a mild repulsion
                  | field. (EV +2) [demonic ancestry]
   370 | D:1      | Reached XP level 2. HP: 14/19 MP: 3/5
   555 | D:1      | Reached skill level 5 in Necromancy
   926 | D:2      | Reached XP level 3. HP: 12/24 MP: 1/6
   941 | D:2      | Learned a level 3 spell: Vampiric Draining
  1552 | D:2      | Found a runed door.
  1556 | D:2      | Noticed Crazy Yiuf
  1561 | D:2      | Killed Crazy Yiuf
  1561 | D:2      | Reached XP level 4. HP: 6/30 MP: 1/7
  1832 | D:3      | Found a stormy altar of Qazlal.
  1832 | D:3      | Noticed an earth elemental
  1834 | D:3      | Noticed a water elemental
  1834 | D:3      | Noticed a fire elemental
  1834 | D:3      | Noticed an air elemental
  1885 | D:3      | Noticed Ijyb
  1902 | D:3      | You fall through a shaft for 2 floors!
  1902 | D:5      | Entered Level 5 of the Dungeon
  2037 | D:4      | Reached skill level 1 in Evocations
  2037 | D:4      | Gained mutation: A weak demonic guardian rushes to your
                  | aid. [demonic ancestry]
  2037 | D:4      | Reached XP level 5. HP: 26/35 MP: 2/8
  2048 | D:4      | Learned a level 3 spell: Regeneration
  2217 | D:4      | Gained mutation: Your flesh is heat resistant. (rF+)
                  | [demonic ancestry]
  2217 | D:4      | Reached XP level 6. HP: 19/41 MP: 9/9
  2412 | D:4      | HP: 1/41 [ogre/+0 giant club (15)]
  2417 | D:4      | HP: 2/41 [giant cockroach (1)]
  2615 | D:3      | Noticed Terence
  2631 | D:3      | Killed Terence
  2897 | D:3      | Found a glowing golden altar of the Shining One.
  3368 | D:5      | Found an opulent altar of Gozag.
  3521 | D:5      | Gained mutation: You are immune to clouds of flame.
                  | [demonic ancestry]
  3521 | D:5      | Reached XP level 7. HP: 45/46 MP: 7/10
  3523 | D:5      | Reached skill level 1 in Charms
  3877 | D:5      | Reached skill level 5 in Evocations
  4093 | D:5      | Noticed Blork the orc
  4100 | D:5      | Killed Blork the orc
  4315 | D:6      | Found a blossoming altar of Fedhas.
  4415 | D:6      | Reached XP level 8. HP: 34/52 MP: 0/12
  4588 | D:6      | Found a glowing silver altar of Zin.
  4591 | D:6      | Found a hide-covered altar of Uskayaw.
  4594 | D:6      | Found a bloodstained altar of Trog.
  4602 | D:6      | Found a shadowy altar of Dithmenos.
  4895 | D:6      | Found a staircase to the Ecumenical Temple.
  4917 | Temple   | Entered the Ecumenical Temple
  4955 | Temple   | Became a worshipper of Warmaster Okawaru
  5311 | D:7      | Reached skill level 1 in Throwing
  5469 | D:7      | Found a sacrificial altar of Ru.
  5521 | D:7      | Reached * piety under Okawaru
  5579 | D:7      | Gained mutation: You have a pair of small horns on your
                  | head. [demonic ancestry]
  5579 | D:7      | Reached XP level 9. HP: 32/57 MP: 2/14
  5744 | D:7      | Reached skill level 1 in Polearms
  5776 | D:7      | Identified the +4 scale mail of the Moon {rPois Slay+4}
                  | (You found it on level 7 of the Dungeon)
  5822 | D:7      | Found a bloodstained altar of Trog.
  5823 | D:7      | Noticed a wizard
  5828 | D:7      | Killed a wizard
  5973 | D:7      | Found an ancient bone altar of Kikubaaqudgha.
  6129 | D:8      | Reached skill level 5 in Throwing
  6192 | D:8      | Reached ** piety under Okawaru
  6242 | D:8      | Noticed a two-headed ogre
  6271 | D:8      | Killed a two-headed ogre
  6271 | D:8      | Reached skill level 1 in Armour
  6274 | D:8      | Reached *** piety under Okawaru
  6334 | D:8      | Noticed Psyche
  6358 | D:8      | Killed Psyche
  6485 | D:8      | Reached XP level 10. HP: 31/63 MP: 9/16
  6542 | D:8      | Reached **** piety under Okawaru
  6542 | D:8      | Reached skill level 5 in Polearms
  6565 | D:8      | Got a brightly glowing rapier
  6566 | D:8      | Identified the +1 rapier of Karma {pierce, rElec rC+} (You
                  | found it on level 8 of the Dungeon)
  6656 | D:8      | Found an ornate altar of the Wu Jian Council.
  6739 | D:8      | Received a gift from Okawaru
  7460 | D:9      | Noticed Erica
  7479 | D:9      | Killed Erica
  7479 | D:9      | Reached skill level 5 in Invocations
  7746 | D:9      | Found a staircase to the Orcish Mines.
  7953 | D:10     | Entered Level 10 of the Dungeon
  7986 | D:10     | Noticed Grum
  7998 | D:10     | Killed Grum
  8009 | D:10     | Reached ***** piety under Okawaru
  8220 | D:10     | Noticed an orange crystal statue
  8430 | D:10     | Found a staircase to the Lair.
  8703 | D:11     | Reached XP level 11. HP: 49/68 MP: 14/17
  8736 | D:11     | Learned a level 4 spell: Animate Dead
  8748 | D:11     | Noticed a cyan ugly thing
  8768 | D:11     | Reached skill level 5 in Dodging
  8769 | D:11     | Mangled by a cyan ugly thing

Vault maps used:
D:1:      mrwooster_arrival_arrow
D:2:      uniq_crazy_yiuf_cottage
D:3:      nicolae_tso_swordbearing_angel, nicolae_qazlal_style_of_elements,
          uniq_ijyb, uniq_terence
D:5:      kennysheep_mini_moat, first_ration, grunt_ministairs_6,
          kennysheep_nub, uniq_blork_the_orc
D:6:      grunt_temple_overflow_cloverleaf, minmay_temple_entry_offerings,
          fedhas_altar_1
D:7:      lemuel_coloured_pillars_altar, marbit_many_paths, grunt_livestock,
          trog_wizard
D:8:      old_standard_altar, uniq_psyche
D:9:      orc_0_dummy, uniq_erica
D:10:     erik_lair_orcish_takeover, minivault_16, uniq_grum
D:11:     serial_shops, nicolae_shop_overgrown_old_shop
Temple:   cyrus_circular_temple

Skill      XL: |  1  2  3  4  5  6  7  8  9 10 11 |
---------------+----------------------------------+-----
Necromancy     | 5 6 7 8 |  8.0
Evocations     | 1 2 4 6 7 8 |  8.0
Charms         | 2 3 |  3.0
Throwing       | 4 5 |  5.1
Polearms       | 4 7 |  7.2
Armour         | 2 4 |  4.5
Dodging        | 3 4 5 |  5.0
Invocations    | 3 6 |  6.5
Stealth        | |  1.7
Spellcasting   | |  2.0

Action                   |  1- 3 |  4- 6 |  7- 9 | 10-12 || total
-------------------------+-------+-------+-------+-------++-------
Melee: Hand axe          |    23 |       |       |       ||    23
       Dagger            |    29 |    20 |       |       ||    49
       Trident           |       |    71 |   304 |   209 ||   584
       Headbutt          |       |       |     7 |    25 ||    32
 Fire: Blowgun           |       |       |    16 |    32 ||    48
Throw: Javelin           |       |       |       |     9 ||     9
 Cast: Pain              |    51 |    36 |    26 |    17 ||   130
       Animate Skeleton  |     9 |     6 |    27 |    32 ||    74
       Regeneration      |       |     7 |    12 |     9 ||    28
       Vampiric Draining |       |     4 |    19 |     8 ||    31
 Abil: Evoke Invisibilit |       |       |     2 |     3 ||     5
Evoke: Wand              |       |     6 |    12 |     7 ||    25
  Use: Potion            |       |     5 |       |       ||     5
       Scroll            |       |     6 |     8 |     2 ||    16
 Stab: Sleeping          |     1 |     3 |     2 |       ||     6
       Invisible         |       |       |     2 |    13 ||    15
       Distracted        |       |       |     2 |       ||     2
  Eat: Chunk             |     3 |     9 |    13 |    14 ||    39
       Ration            |       |       |     1 |       ||     1
Armor: Robe              |     3 |       |       |       ||     3
       Leather armour    |    15 |    18 |       |       ||    33
       Ring mail         |       |    25 |    97 |       ||   122
       Scale mail        |       |       |    16 |    73 ||    89
Dodge: Dodged            |    59 |    71 |   204 |   132 ||   466

Table legend:
 A = Non-vault XP
 B = Vault XP
 C = Vault XP percentage of total XP
 D = Non-vault monster count
 E = Vault monster count
 F = Vault count percentage of total count
                 A         B        C        D         E       F
            +---------+---------+-------+---------+---------+-------
      Total |    8126 |    3240 |  28.5 |     213 |      24 |  10.1
            +---------+---------+-------+---------+---------+-------
        D:1 |      18 |       0 |   0.0 |      13 |       0 |   0.0
        D:2 |      75 |      40 |  34.8 |      26 |       1 |   3.7
        D:3 |      47 |      36 |  43.4 |       6 |       1 |  14.3
        D:4 |     422 |       0 |   0.0 |      18 |       0 |   0.0
        D:5 |     691 |      32 |   4.4 |      24 |       2 |   7.7
        D:6 |     215 |       0 |   0.0 |       5 |       0 |   0.0
        D:7 |     696 |     848 |  54.9 |      29 |       6 |  17.1
        D:8 |    3240 |     391 |  10.8 |      42 |       1 |   2.3
        D:9 |     408 |     888 |  68.5 |      13 |       1 |   7.1
       D:10 |    1067 |    1005 |  48.5 |      25 |      12 |  32.4
       D:11 |    1247 |       0 |   0.0 |      12 |       0 |   0.0
            +---------+---------+-------+---------+---------+-------
